[Event "Team 45 45 League T39"]
[Site "Internet Chess Club"]
[Date "2008.11.15"]
[Round "4"]
[White "Just-Jim"]
[Black "scottrugby"]
[Result "0-1"]
[WhiteElo "1336"]
[BlackElo "1439"]
[Opening "Queen's pawn game"]
[ECO "A45"]
[Time "16:00:34"]
[TimeControl "2700+45"]

1. d4 Nf6 2. Nc3 e6 3. Bg5 h6 4. Bh4 Bb4 5. a3 Bxc3+ 6. bxc3 Nc6 7. e4 e5 8. Nf3
d6 9. Be2 g5 10. Bg3 Nxe4 11. Qd3 Bf5 12. Nd2 Nxg3 13. Qxg3 Bxc2 14. Bb5 exd4
15. cxd4 Qe7+ 16. Qe3 Qxe3+ 17. fxe3 O-O 18. Rc1 Bf5 19. O-O Be6 20. Ne4 f5 21.
Ng3 f4 22. exf4 Nxd4 23. Bd3 gxf4 24. Nh5 c6 25. Rxf4 Rxf4 26. Nxf4 Rf8 27. Nxe6
Nxe6 28. Re1 Rf6 29. g3 Kf7 30. Rb1 b5 31. Be4 d5 32. Bd3 a6 33. Rc1 Nd8 34. Kg2
Ke7 35. Re1+ Re6 36. Rf1 c5 37. Bf5 Re5 38. Bc8 a5 39. Rc1 d4 40. Ba6 c4 41. Kf3
Ne6 42. a4 Nc7 43. axb5 c3 44. b6 Nxa6 45. b7 a4 46. Kf4 Re2 47. Kf3 Re6 48. Rb1
c2 49. b8=Q Nxb8 50. Rxb8 c1=Q 51. Rb7+ Kf6 52. Kg4 Qg5+ 53. Kh3 Qh5+ 54. Kg2
Re2+ 55. Kf1 Qf3+ {White resigns} 0-1

[Event "Team 45 45 League T39"]
[Site "Internet Chess Club"]
[Date "2008.11.14"]
[Round "4"]
[White "LIVVI"]
[Black "forsyth"]
[Result "0-1"]
[WhiteElo "1452"]
[BlackElo "1413"]
[Opening "Queen's pawn game"]
[ECO "D04"]
[Time "21:00:08"]
[TimeControl "2700+45"]

1. Nf3 d5 2. e3 Nf6 3. d4 Bg4 4. Nbd2 e6 5. Bd3 c5 6. h3 c4 7. Be2 Bxf3 8. Bxf3
b5 9. c3 Nc6 10. O-O b4 11. e4 bxc3 12. bxc3 Qa5 13. Qc2 Rb8 14. exd5 exd5 15.
Re1+ Be7 16. Bd1 Rb6 17. Re3 O-O 18. Rb1 Rfb8 19. Rxb6 Rxb6 20. Qa4 Qxa4 21.
Bxa4 Kf8 22. Bxc6 Rxc6 23. Re2 Rb6 24. f3 Nh5 25. Re5 Nf4 26. Re1 Nd3 27. Rd1
Ra6 28. Nf1 Rxa2 29. Be3 Rc2 30. Rb1 Rb2 31. Ra1 Rb7 32. Ng3 Bh4 33. Ne2 Re7 34.
g3 Rxe3 35. Rxa7 Rxe2 36. gxh4 Nf4 37. Kf1 Rc2 38. Ra8+ Ke7 39. Ra7+ Kf6 40.
Ra6+ Kf5 41. Ra3 Nxh3 42. h5 Kg5 43. Ra7 Kxh5 44. Rxf7 Kg6 45. Rd7 Nf4 46. Rd6+
Kg5 47. Rd7 Rxc3 48. Rxg7+ Kh6 49. Rg3 Rd3 50. Rg4 Rd1+ 51. Kf2 Rxd4 52. Ke3 c3
53. Kxd4 c2 54. Rh4+ Kg5 55. Rh1 c1=Q 56. Rxc1 Ne2+ 57. Kxd5 Nxc1 58. Ke4 h5 59.
f4+ Kf6 60. Ke3 Kf5 61. Kf3 Nd3 62. Kg3 Nxf4 63. Kh4 Kg6 64. Kg3 Ne6 65. Kh4 Ng5
66. Kg3 Kh6 67. Kh4 Ne4 68. Kh3 Kg5 69. Kg2 Kg4 70. Kg1 Kg3 71. Kf1 h4 72. Kg1
h3 73. Kh1 Nf2+ 74. Kg1 h2+ 75. Kf1 h1=Q+ 76. Ke2 Qf3+ 77. Kd2 Ne4+ 78. Kc2 Qc3+
79. Kb1 Nd2+ 80. Ka2 Qb3+ 81. Ka1 Qb1# {White checkmated} 0-1

[Event "Team 45 45 League T39"]
[Site "Internet Chess Club"]
[Date "2008.11.16"]
[Round "4"]
[White "Conjurer"]
[Black "rd00d"]
[Result "1-0"]
[WhiteElo "1358"]
[BlackElo "1307"]
[Opening "English opening"]
[ECO "A17"]
[Time "13:00:26"]
[TimeControl "2700+45"]

1. c4 e6 2. Nc3 Nf6 3. g3 d5 4. cxd5 exd5 5. d4 Bb4 6. Nf3 c6 7. Bg2 Ne4 8. Qc2
Qa5 9. Bd2 Nxd2 10. Qxd2 O-O 11. O-O Nd7 12. a3 Be7 13. b4 Qc7 14. Qd3 Nb6 15.
Ne5 f6 16. Nf3 Nc4 17. e4 Be6 18. Nh4 Rad8 19. exd5 Bxd5 20. Nxd5 cxd5 21. Rac1
b5 22. Rfe1 Rfe8 23. Nf5 Qd7 24. Rc3 Bf8 25. Rcc1 a5 26. Bh3 Rxe1+ 27. Rxe1 Qa7
28. Ne3 axb4 29. Be6+ Kh8 30. axb4 Bxb4 31. Rb1 Nxe3 32. fxe3 Qa4 33. Qb3 Qxb3
34. Rxb3 Bd2 35. Kf2 b4 36. Ke2 Bc3 37. Kd3 g5 38. g4 Kg7 39. h3 Rd6 40. Bf5 h6
41. Bc8 Kf7 42. Bf5 Ra6 43. e4 Ra2 44. exd5 Rd2+ 45. Kc4 Rxd4+ 46. Kc5 Ke7 47.
Kc6 Rd2 48. Rb1 Re2 49. d6+ Kd8 50. d7 Rh2 51. Rd1 Rxh3 52. Rd6 Re3 53. Kb7 Re5
54. Rc6 Rd5 55. Rc8+ Ke7 56. Re8+ {Black resigns} 1-0

[Event "Team 45 45 League T39"]
[Site "Internet Chess Club"]
[Date "2008.11.17"]
[Round "4"]
[White "goldengel"]
[Black "Traho"]
[Result "1-0"]
[WhiteElo "1363"]
[BlackElo "1261"]
[Opening "Caro-Kann: classical, Spassky variation"]
[ECO "B19"]
[Time "14:01:03"]
[TimeControl "2700+45"]

1. e4 c6 2. d4 d5 3. Nc3 dxe4 4. Nxe4 Bf5 5. Ng3 Bg6 6. h4 h6 7. Nf3 Nd7 8. h5
Bh7 9. Bd3 Bxd3 10. Qxd3 e6 11. Bf4 Ngf6 12. O-O-O Nd5 13. Bd2 Bd6 14. Ne4 N7f6
15. Kb1 Nxe4 16. Qxe4 Nf6 17. Qd3 Qc7 18. Rde1 O-O-O 19. Qe2 Rhe8 20. Ne5 Bxe5
21. dxe5 Nd5 22. c4 Ne7 23. g4 Qd7 24. Rd1 Qd3+ 25. Qxd3 Rxd3 26. Be3 Red8 27.
Rxd3 Rxd3 28. Bxa7 Kc7 29. Kc2 Rf3 30. Be3 b5 31. Kd2 bxc4 32. Ke2 Rxe3+ 33.
Kxe3 Nd5+ 34. Kd4 Nb4 35. f3 Nc2+ 36. Kxc4 Ne3+ 37. Kd3 Nd5 38. a3 Kb6 39. Kd4
c5+ 40. Ke4 c4 41. Rc1 Kc5 42. f4 f5+ 43. gxf5 exf5+ 44. Kxf5 Ne3+ 45. Ke4 Nd5
46. b3 c3 47. Rc2 Kc6 48. a4 Kc5 49. e6 Nf6+ 50. Kf5 Nd5 51. Ke5 {Black resigns}
1-0

[Event "Team 45 45 League T39"]
[Site "Internet Chess Club"]
[Date "2008.11.17"]
[Round "4"]
[White "AlPearson"]
[Black "alaskauk"]
[Result "0-1"]
[WhiteElo "1456"]
[BlackElo "1541"]
[Opening "English opening"]
[ECO "A16"]
[Time "10:03:53"]
[TimeControl "2700+45"]

1. c4 Nf6 2. Nc3 Nc6 3. Nf3 d5 4. cxd5 Nxd5 5. g3 Nxc3 6. dxc3 Qxd1+ 7. Kxd1 f6
8. Bg2 Bd7 9. Be3 e5 10. a3 Bd6 11. Kd2 Na5 12. Rad1 Ba4 13. Rb1 Nc4+ 14. Ke1
Nxe3 15. fxe3 Bc5 16. Kf2 Rb8 17. b4 Bd6 18. Nd2 Bc2 19. Rbc1 Bf5 20. Rhd1 b6
21. Bc6+ Kf7 22. Nc4 Be7 23. Rd2 Be6 24. Bd5 Rbd8 25. Rcd1 Bxd5 26. Rxd5 Rxd5
27. Rxd5 Rd8 28. e4 Ke6 29. Ne3 c6 30. Rxd8 Bxd8 31. c4 a6 32. a4 Be7 33. b5
axb5 34. axb5 cxb5 35. cxb5 Bc5 36. Kf3 Bxe3 37. Kxe3 Kd6 38. Kd3 Kc5 39. Kc3
Kxb5 40. Kb3 g6 41. g4 Kc5 42. Kc3 b5 43. Kb3 Kd4 44. Kc2 Kxe4 45. Kd2 b4 46. h3
h5 47. gxh5 gxh5 48. h4 b3 49. e3 b2 50. Kc2 b1=Q+ 51. Kxb1 Kxe3 52. Kc1 Ke2 53.
Kc2 f5 54. Kc1 f4 55. Kc2 f3 56. Kc1 f2 57. Kc2 f1=Q 58. Kc3 Qf4 59. Kc2 Qc4+
60. Kb2 Kd2 61. Kb1 Qb5+ 62. Ka2 Kc2 63. Ka3 Qa5# {White checkmated} 0-1

[Event "Team 45 45 League T39"]
[Site "Internet Chess Club"]
[Date "2008.11.16"]
[Round "4"]
[White "malihini"]
[Black "Zyme"]
[Result "0-1"]
[WhiteElo "1234"]
[BlackElo "1476"]
[Opening "French: advance, Nimzovich system"]
[ECO "C02"]
[Time "21:06:28"]
[TimeControl "2700+45"]

1. e4 e6 2. d4 d5 3. e5 c5 4. Nf3 cxd4 5. Bb5+ Bd7 6. Nxd4 Nc6 7. Bf4 Bc5 8. c3
Qb6 9. O-O Bxd4 10. Bxc6 bxc6 11. Qxd4 Qxb2 12. Qc5 Qxa1 13. Qa3 Rb8 14. Nd2 Qb2
15. Qxa7 Qb7 16. Qa3 Ne7 17. Bg5 O-O 18. Bxe7 Rfe8 19. f4 Ra8 20. Rb1 Qxb1+ 21.
Nxb1 Rxa3 22. Bxa3 Ra8 23. Kf2 Ra5 24. Ke3 c5 25. Kd3 Kf8 26. g3 Bb5+ 27. Kd2
Bc4 {White resigns} 0-1

[Event "Team 45 45 League T39"]
[Site "Internet Chess Club"]
[Date "2008.11.15"]
[Round "4"]
[White "havertown"]
[Black "leomalagar"]
[Result "0-1"]
[WhiteElo "1392"]
[BlackElo "1447"]
[Opening "Sicilian defense"]
[ECO "B40"]
[Time "20:47:43"]
[TimeControl "2700+45"]

1. e4 e6 2. Nf3 c5 3. c4 d6 4. Nc3 Nf6 5. d3 Nc6 6. Be2 Be7 7. O-O O-O 8. Bf4 a6
9. a3 Bd7 10. Rb1 e5 11. Bg3 b5 12. cxb5 axb5 13. Nxb5 Qb6 14. Nc3 Be6 15. Qd2
Nd4 16. Nxd4 exd4 17. Nd1 Rxa3 18. e5 dxe5 19. Bxe5 Raa8 20. Bf3 Nd5 21. Be4
Rfe8 22. Qe2 f5 23. Bf3 Ra7 24. Bxd5 Bxd5 25. Qh5 g6 26. Qh6 Bf8 27. Qf4 Qe6 28.
Re1 Bd6 29. Qd2 f4 30. Qxf4 Bxe5 31. Qd2 Bxh2+ 32. Kf1 Qxe1+ 33. Qxe1 Rxe1+ 34.
Kxe1 Bxg2 35. Ke2 Re7+ 36. Kd2 Bf4+ 37. Kc2 c4 38. dxc4 Be4+ {White resigns} 0-1

[Event "Team 45 45 League T39"]
[Site "Internet Chess Club"]
[Date "2008.11.15"]
[Round "4"]
[White "otib2006"]
[Black "Esslinger"]
[Result "0-1"]
[WhiteElo "1211"]
[BlackElo "1229"]
[Opening "Ruy Lopez: old Steinitz defense"]
[ECO "C62"]
[Time "10:02:00"]
[TimeControl "2700+45"]

1. e4 e5 2. Nf3 Nc6 3. Bb5 d6 4. h3 Nf6 5. O-O Be7 6. Bxc6+ bxc6 7. Re1 O-O 8.
d4 exd4 9. Nxd4 Qd7 10. Nf3 Re8 11. e5 Nd5 12. Bg5 f6 13. exf6 Nxf6 14. Nc3 Rb8
15. b3 d5 16. Re3 Nh5 17. Ne5 Qf5 18. Qxh5 g6 19. Nxc6 gxh5 20. Bxe7 Rb6 21. Rf3
Qxc2 22. Rg3+ Kf7 23. Rf3+ Bf5 24. Ne5+ Kxe7 25. Nxd5+ Kd8 26. Nf7+ Kc8 27.
Nxb6+ cxb6 28. Nd6+ Kd7 29. Nxe8 Kxe8 30. Re1+ Kd8 31. Re5 Bg6 32. Rf8+ Kc7 33.
Re7+ Kd6 34. Rxa7 Ke6 35. Rb8 Qd1+ 36. Kh2 Qd6+ 37. g3 Qxb8 38. Ra4 Qc7 39. b4
Qc2 40. Ra8 Qxf2+ 41. Kh1 Qf3+ {White resigns} 0-1

[Event "Team 45 45 League T39"]
[Site "Internet Chess Club"]
[Date "2008.11.15"]
[Round "4"]
[White "EyeAm"]
[Black "littleboo"]
[Result "1-0"]
[WhiteElo "1464"]
[BlackElo "1497"]
[Opening "Petrov: modern attack, Symmetrical variation"]
[ECO "C43"]
[Time "14:03:10"]
[TimeControl "2700+45"]

1. e4 e5 2. Nf3 Nf6 3. d4 Nxe4 4. Nxe5 d6 5. Nxf7 Kxf7 6. Qh5+ g6 7. Qd5+ Kg7 8.
Qxe4 d5 9. Qe5+ Kg8 10. Bg5 Qd7 11. Nc3 Bg7 12. Qxd5+ Qxd5 13. Nxd5 Bxd4 14.
O-O-O Be5 15. Bc4 Be6 16. f4 Bd6 17. Bf6 Bf7 18. Bxh8 Kxh8 19. g3 Kg7 20. Rhe1
c6 21. Ne3 Bc5 22. Bxf7 Kxf7 23. Nc4 Kf6 24. Nd6 Bxd6 25. Rxd6+ Kf7 26. g4 c5
27. c4 b6 28. h4 h5 29. g5 Na6 30. a3 Kg7 31. Ree6 Kf7 32. Rxg6 Rf8 33. f5 Nb8
34. Rdf6+ Ke8 35. Rxf8+ Kxf8 36. f6 Nd7 37. Rh6 Ne5 38. b3 Nd3+ 39. Kd2 Ne5 40.
Rxh5 Kg8 41. Ke3 a6 42. Ke4 Nd7 43. Kd5 a5 44. Kc6 Ne5+ 45. Kxb6 a4 46. bxa4
Nxc4+ 47. Kxc5 Nxa3 48. Kb4 Nc2+ 49. Kb5 Nd4+ 50. Kb6 Ne6 51. a5 Nf4 52. Rh6
Nd5+ 53. Kb7 Nb4 54. a6 Nxa6 55. Kxa6 {Black resigns} 1-0

[Event "Team 45 45 League T39"]
[Site "Internet Chess Club"]
[Date "2008.11.15"]
[Round "4"]
[White "Jasher"]
[Black "guyd52"]
[Result "1-0"]
[WhiteElo "1455"]
[BlackElo "1285"]
[Opening "King's pawn opening"]
[ECO "B07"]
[Time "18:02:51"]
[TimeControl "2700+45"]

1. e4 d6 2. Bb5+ c6 3. Ba4 Nf6 4. Nc3 g6 5. Nf3 Bg7 6. d4 O-O 7. e5 Nd5 8. Nxd5
cxd5 9. Bf4 dxe5 10. dxe5 e6 11. O-O Bd7 12. Bb3 Nc6 13. Re1 a5 14. a3 a4 15.
Ba2 b5 16. b4 Rc8 17. Rc1 Ne7 18. Be3 f6 19. Bc5 fxe5 20. Nxe5 Bxe5 21. Rxe5 Rf5
22. Rxf5 Nxf5 23. Qf3 Qf6 24. Rd1 Kf7 25. c3 Rg8 26. Bb1 Nh4 27. Qxf6+ Kxf6 28.
Bd3 Re8 29. f4 Rg8 30. Bd6 Kf7 31. Be5 Rf8 32. Kf2 Kg8 33. g4 g5 34. Kg3 gxf4+
35. Kxh4 f3 36. Rf1 Bc6 37. Kg3 Bd7 38. Rxf3 Rxf3+ 39. Kxf3 Bc6 40. Kf4 Bd7 41.
h4 Bc6 42. g5 Bd7 43. h5 Bc6 44. g6 hxg6 45. hxg6 Bd7 46. Kg5 Bc6 47. Kf6 Bd7
48. Ke7 Bc6 49. Kxe6 {Black forfeits on time} 1-0

[Event "Team 45 45 League T39"]
[Site "Internet Chess Club"]
[Date "2008.11.16"]
[Round "4"]
[White "wekabird"]
[Black "MateIn42"]
[Result "1-0"]
[WhiteElo "1275"]
[BlackElo "1396"]
[Opening "English: four knights, Nimzovich variation"]
[ECO "A22"]
[Time "20:00:21"]
[TimeControl "2700+45"]

1. c4 e5 2. Nc3 Nf6 3. e4 Nc6 4. Nf3 Bc5 5. h3 a6 6. g3 d5 7. cxd5 Nd4 8. d3 Qe7
9. Nxd4 Bxd4 10. Bg2 Qc5 11. O-O Bxc3 12. bxc3 Qxc3 13. Bg5 Qa5 14. Qf3 Qb6 15.
Rab1 Qd6 16. Bxf6 Qxf6 17. Qd1 Qh6 18. Kh2 g5 19. Qa4+ Bd7 20. Qc2 O-O-O 21.
Rbc1 c6 22. dxc6 bxc6 23. Qb2 Bxh3 24. Bxh3+ g4 25. Qxe5 Qxh3+ 26. Kg1 Rhe8 27.
Rxc6+ Kb7 28. Qc7+ Ka8 29. Rxa6# {Black checkmated} 1-0

[Event "Team 45 45 League T39"]
[Site "Internet Chess Club"]
[Date "2008.11.18"]
[Round "4"]
[White "Fogbound"]
[Black "WilmaP"]
[Result "0-1"]
[WhiteElo "1226"]
[BlackElo "1131"]
[Opening "Queen's pawn, Mason variation"]
[ECO "D00"]
[Time "15:00:38"]
[TimeControl "2700+45"]

1. d4 d5 2. Bf4 e6 3. Nf3 Nd7 4. e3 c6 5. Bd3 Ngf6 6. Nbd2 Be7 7. c3 c5 8. O-O
c4 9. Bc2 b5 10. e4 Bb7 11. Re1 Ng4 12. h3 Ngf6 13. e5 Nh5 14. Bh2 f6 15. Nh4 g6
16. Bxg6+ hxg6 17. Nxg6 Rh6 18. Nf4 Nxf4 19. Bxf4 Rh8 20. Nf3 Qc7 21. Qc2 O-O-O
22. Qc1 f5 23. Ng5 Bxg5 24. Bxg5 Rdg8 25. Qe3 Rh5 26. f4 Nf8 27. Qf3 Qh7 28. b3
Qg6 29. bxc4 dxc4 30. Qe3 Nh7 31. d5 Nxg5 32. Qc5+ Kb8 33. fxg5 Qxg5 34. Qf2
Rxh3 35. Kf1 Bxd5 36. Rad1 Bxg2+ 37. Ke2 Qg4+ 38. Kd2 Rd8+ 39. Kc2 Be4+ 40. Kb2
Rxd1 41. Qc5 Qg2+ 42. Ka3 Rxe1 43. Qxb5+ Kc7 44. Qxc4+ Bc6 45. Qc5 Ra1 46. Qxa7+
Bb7 47. Qc5+ Kb8 48. Qc4 Rxa2+ 49. Kb4 Qb2+ 50. Kc5 Rxc3 51. Kd6 Rxc4 52. Kxe6
Ra6+ 53. Kf7 {White resigns} 0-1

[Event "Team 45 45 League T39"]
[Site "Internet Chess Club"]
[Date "2008.11.15"]
[Round "4"]
[White "guyd52"]
[Black "blkmagic"]
[Result "1-0"]
[WhiteElo "1294"]
[BlackElo "1272"]
[Opening "Réti: King's Indian attack (Barcza system)"]
[ECO "A07"]
[Time "10:35:00"]
[TimeControl "2700+45"]

1. Nf3 d5 2. g3 Nc6 3. Bg2 e5 4. d3 Bb4+ 5. c3 Be7 6. O-O Nf6 7. Nbd2 O-O 8. Re1
d4 9. cxd4 Nxd4 10. Nxe5 Bb4 11. e3 Bxd2 12. Bxd2 Nc6 13. Nxc6 bxc6 14. Bb4 Ba6
15. Bxf8 Kxf8 16. Re2 Qd6 17. Rc1 Bxd3 18. Rd2 Rd8 19. Rxc6 Qe5 {Black resigns}
1-0

[Event "Team 45 45 League T39"]
[Site "Internet Chess Club"]
[Date "2008.11.15"]
[Round "4"]
[White "farbror"]
[Black "CoasterBrake"]
[Result "0-1"]
[WhiteElo "1179"]
[BlackElo "1260"]
[Opening "Queen's pawn: Bronstein gambit"]
[ECO "A45"]
[Time "16:00:49"]
[TimeControl "2700+45"]

1. d4 Nf6 2. g4 Nxg4 3. e4 d6 4. Be2 Nf6 5. Nc3 c5 6. dxc5 dxc5 7. Qxd8+ Kxd8 8.
Bg5 Bg4 9. O-O-O+ Nbd7 10. f3 Be6 11. f4 Bg4 12. Bxg4 Nxg4 13. Nh3 h6 14. Rd2 f6
15. Rhd1 Ne3 16. Rxd7+ Ke8 17. R1d2 hxg5 18. Nb5 Kf7 19. fxg5 Rxh3 20. gxf6 gxf6
21. Nd6+ Kg8 22. Nf5 Nxf5 23. exf5 Bh6 {White resigns} 0-1

[Event "Team 45 45 League T39"]
[Site "Internet Chess Club"]
[Date "2008.11.15"]
[Round "4"]
[White "dornoch"]
[Black "MeansToAnEnd"]
[Result "1-0"]
[WhiteElo "1037"]
[BlackElo "1085"]
[Opening "Sicilian: Canal-Sokolsky attack, 3...Bd7"]
[ECO "B52"]
[Time "11:39:34"]
[TimeControl "2700+45"]

1. e4 c5 2. Nf3 d6 3. Bb5+ Bd7 4. Bxd7+ Qxd7 5. Nc3 Nf6 6. d3 Nc6 7. Bg5 Nd4 8.
Bxf6 Nxf3+ 9. Qxf3 exf6 10. Nd5 Rc8 11. b3 Be7 12. O-O O-O 13. Ne3 b5 14. Qg4
Qxg4 15. Nxg4 c4 16. Rac1 Rc7 17. Ne3 cxd3 18. cxd3 Rfc8 19. Rxc7 Rxc7 20. Nd5
Rb7 21. Nxe7+ Rxe7 22. Rc1 h6 23. f3 a5 24. Rc8+ Kh7 25. Ra8 a4 26. bxa4 bxa4
27. Kf2 g5 28. Rxa4 Kg6 29. Rb4 Ra7 30. a4 f5 31. Ke3 fxe4 32. Kxe4 f5+ 33. Kd5
Ra6 34. Kc4 Ra5 35. Kb3 Rd5 36. d4 Kf6 37. g3 Ke6 38. Kc3 Ra5 39. Kd3 Kd5 40.
Rb5+ Rxb5 41. axb5 h5 42. Ke3 g4 43. fxg4 fxg4 44. Kf4 Ke6 45. b6 Kd7 46. Kg5
Kc6 47. Kxh5 Kxb6 48. Kxg4 Kc6 49. h4 Kd5 50. h5 Ke6 51. Kf4 Kf6 52. Ke4 Ke6 53.
h6 d5+ 54. Kd3 Kf6 55. Kc3 Kg6 56. Kb4 Kxh6 57. Kc5 Kg5 58. Kxd5 Kg4 59. Ke6
Kxg3 60. d5 Kf4 61. d6 Ke4 62. d7 Kd4 63. d8=Q+ Kc5 64. Qd5+ Kb6 65. Kd7 Ka6 66.
Kc7 Ka7 67. Qb7# {Black checkmated} 1-0

[Event "Team 45 45 League T39"]
[Site "Internet Chess Club"]
[Date "2008.11.15"]
[Round "4"]
[White "fuzzface"]
[Black "arconia"]
[Result "1-0"]
[WhiteElo "1332"]
[BlackElo "1310"]
[Opening "Sicilian: closed, 2...Nc6"]
[ECO "B23"]
[Time "12:06:25"]
[TimeControl "2700+45"]

1. e4 c5 2. Nc3 Nc6 3. Bb5 e6 4. f4 d6 5. Nf3 Be7 6. O-O Nf6 7. d4 cxd4 8. Nxd4
Bd7 9. Be3 O-O 10. a3 Qc7 11. f5 e5 12. Nxc6 bxc6 13. Ba4 g6 14. Bh6 Rfe8 15.
Bb3 gxf5 16. exf5 d5 17. Bg5 Kh8 18. Bxf6+ Bxf6 19. Qh5 Rg8 20. Rad1 Qb6+ 21.
Kh1 Rg7 22. Bxd5 cxd5 23. Nxd5 Qc6 24. Qf3 Rag8 25. Rg1 Qd6 26. Nxf6 Qxf6 27.
Rxd7 Rg5 28. Qe2 Qxf5 29. Rxa7 e4 30. Re7 Rg4 31. Qe3 Qg6 32. Qf2 f6 33. Re6 Rf8
34. g3 Qg5 35. a4 f5 36. Qd4+ Kg8 37. Qd5 Kg7 38. Qe5+ Kg8 39. Qd5 Kg7 40. Qd7+
Rf7 41. Qd4+ Kg8 42. Re8+ Rf8 43. Qd5+ Kg7 44. Qe5+ Kg8 45. Qe6+ Kg7 46. Re7+
Kh8 47. Rf7 Rxf7 48. Qxf7 e3 49. Qf8+ Qg8 50. Qxf5 Rg5 51. Qf6+ Qg7 52. Qxg7+
Kxg7 53. Re1 Re5 54. Kg2 Kf6 55. Kf3 Kf5 56. Rxe3 Rxe3+ 57. Kxe3 Kg4 58. a5 h5
59. Kf2 Kh3 60. a6 Kxh2 61. a7 {Black resigns} 1-0

[Event "Team 45 45 League T39"]
[Site "Internet Chess Club"]
[Date "2008.11.16"]
[Round "4"]
[White "kidcobra"]
[Black "ffplayer"]
[Result "1-0"]
[WhiteElo "1172"]
[BlackElo "1100"]
[Opening "QGD Slav defense"]
[ECO "D10"]
[Time "17:58:37"]
[TimeControl "2700+45"]

1. d4 c6 2. c4 d5 3. Nc3 Nf6 4. Bg5 Nbd7 5. g3 e6 6. Bg2 Bb4 7. Bd2 O-O 8. a3
Ba5 9. Nf3 Re8 10. O-O Bb6 11. Bg5 a6 12. e4 h6 13. Bxf6 Nxf6 14. e5 Nh7 15. c5
Bc7 16. Re1 b5 17. b4 Ng5 18. Rc1 Nxf3+ 19. Qxf3 Rf8 20. Re2 f6 21. Qd3 fxe5 22.
dxe5 Rf5 23. Rce1 Qe7 24. Qd4 Bd7 25. f4 Raf8 26. Rd2 h5 27. Be4 R5f7 28. Bg6 h4
29. Bxf7+ Rxf7 30. Qe3 Be8 31. Qf2 g5 32. Qe3 hxg3 33. Qxg3 Rxf4 34. Rg2 Rf5 35.
h4 Bxe5 36. Rxe5 Rxe5 37. Qxe5 Qh7 38. Rxg5+ Kf7 39. Qc7+ {Black resigns} 1-0

[Event "Team 45 45 League T39"]
[Site "Internet Chess Club"]
[Date "2008.11.17"]
[Round "4"]
[White "klt713"]
[Black "Duck-Man"]
[Result "0-1"]
[WhiteElo "1115"]
[BlackElo "1278"]
[Opening "QGD: Tarrasch defense"]
[ECO "D32"]
[Time "14:24:38"]
[TimeControl "2700+45"]

1. d4 e6 2. c4 d5 3. Nc3 c5 4. Nf3 Nc6 5. cxd5 exd5 6. e4 Be6 7. Be3 Nf6 8. e5
Ne4 9. Nxe4 dxe4 10. Bb5 exf3 11. gxf3 Be7 12. Rg1 g6 13. Qd2 O-O 14. b3 Nxd4
15. Be2 Qd5 16. Bxd4 cxd4 17. f4 a5 18. O-O-O Qe4 19. Kb2 Rfd8 20. Bd3 Qc6 21.
Rc1 Qb6 22. Ka1 Rac8 23. f5 Rxc1+ 24. Rxc1 Bxf5 25. Bxf5 gxf5 26. Rg1+ Kh8 27.
f4 d3 28. Qg2 Qg6 29. Qxg6 fxg6 30. Rd1 Ba3 31. e6 Kg8 32. Kb1 Kf8 33. Re1 Ke7
34. h4 d2 35. Kc2 dxe1=Q {White resigns} 0-1

[Event "Team 45 45 League T39"]
[Site "Internet Chess Club"]
[Date "2008.11.17"]
[Round "4"]
[White "bowwrestler"]
[Black "QUEENCAT"]
[Result "1-0"]
[WhiteElo "995"]
[BlackElo "897"]
[Opening "Scotch: Lolli variation"]
[ECO "C44"]
[Time "17:00:10"]
[TimeControl "2700+45"]

1. e4 e5 2. Nf3 Nc6 3. d4 Nxd4 4. Nxd4 exd4 5. Qxd4 Qf6 6. e5 Bc5 7. Qxc5 Qe6 8.
Bc4 b6 9. Qxc7 d5 10. Bb5+ Bd7 11. Bxd7+ Qxd7 12. Qxd7+ Kxd7 13. O-O Ne7 14. Re1
Rhc8 15. c3 Ke8 16. Nd2 Kf8 17. e6 fxe6 18. Rxe6 d4 19. cxd4 Rd8 20. Nf3 Kf7 21.
Re4 Rd7 22. Bg5 Nd5 23. Ne5+ Ke8 24. Nxd7+ Kxd7 25. Rae1 h6 26. Be7 Rc8 27. a3
Rc2 28. b4 Ra2 29. b5 Nc3 30. Rg4 Nxb5 31. Rxg7 Nxd4 32. Bf6+ Kc6 33. Bxd4 Rxa3
34. h3 b5 35. Rxa7 Rd3 36. Bh8 Kb6 37. Rh7 Ka5 38. Rxh6 b4 39. Rh5+ Ka4 40. Rh4
Ka3 41. Rb1 b3 42. Rxb3+ Rxb3 43. g4 Rb1+ 44. Kg2 Rb5 45. f4 Kb4 46. g5 Kc4 47.
g6 Rb8 48. g7 Kd5 49. Rg4 Ke6 50. g8=Q+ Rxg8 51. Rxg8 {Black resigns} 1-0

[Event "Team 45 45 League T39"]
[Site "Internet Chess Club"]
[Date "2008.11.15"]
[Round "4"]
[White "KingOfHearts"]
[Black "JimGaming"]
[Result "1-0"]
[WhiteElo "1312"]
[BlackElo "1271"]
[Opening "Sicilian: Hungarian variation"]
[ECO "B27"]
[Time "14:14:28"]
[TimeControl "2700+45"]

1. e4 c5 2. Nf3 g6 3. Bc4 Bg7 4. Nc3 e6 5. O-O Nc6 6. d3 Ne5 7. Nxe5 Bxe5 8. f4
Bg7 9. e5 Ne7 10. Be3 b6 11. Nb5 Nf5 12. Bf2 d5 13. Bb3 a6 14. Nc3 Bb7 15. Ne2
d4 16. Ng3 O-O 17. Nxf5 exf5 18. a4 Bd5 19. Bxd5 Qxd5 20. Be1 a5 21. c4 Qc6 22.
Bh4 Rfe8 23. Qf3 Re6 24. Qxc6 Rxc6 25. b3 f6 26. exf6 Bxf6 27. Bxf6 Rxf6 28.
Rae1 Kf7 29. Re2 Re6 30. Rxe6 Kxe6 31. Re1+ Kf7 32. Kf2 Re8 33. Rxe8 Kxe8 34.
Kg3 Kf7 35. Kh4 Kf6 36. g3 h6 37. h3 Kf7 38. g4 Kf6 39. g5+ hxg5+ 40. fxg5+ Ke5
41. Kg3 Ke6 42. Kf4 Kd6 43. h4 Ke6 44. Kg3 Ke5 45. Kf3 f4 46. Kg4 f3 47. Kxf3
Ke6 48. Kg4 Kf7 49. Kf4 Ke6 50. Ke4 Kd6 51. Kf4 Ke6 52. Kg4 Kf7 53. h5 gxh5+ 54.
Kxh5 Kg7 55. g6 Kh8 56. Kh6 Kg8 57. g7 {Black resigns} 1-0

[Event "Team 45 45 League T39"]
[Site "Internet Chess Club"]
[Date "2008.11.17"]
[Round "4"]
[White "Gomer"]
[Black "The-Capitalist"]
[Result "0-1"]
[WhiteElo "1109"]
[BlackElo "1200"]
[Opening "Two knights defense (Modern bishop's opening)"]
[ECO "C24"]
[Time "21:00:20"]
[TimeControl "2700+45"]

1. e4 e5 2. Bc4 Nf6 3. d3 Nc6 4. Nf3 d5 5. exd5 Nxd5 6. O-O Be7 7. Re1 f6 8. d4
Qd6 9. dxe5 Nxe5 10. Nxe5 fxe5 11. Qf3 Be6 12. Rd1 O-O-O 13. Be3 Rhf8 14. Qg3
Rf7 15. Nc3 c6 16. Bxa7 b5 17. Nxd5 Bxd5 18. Bxd5 cxd5 19. Qc3+ Kb7 20. Qa5 Qa6
21. Qxa6+ Kxa6 22. Be3 d4 23. Bc1 Rc8 24. Rd2 Bg5 25. Re2 d3 26. Rxe5 d2 27.
Bxd2 Bxd2 28. Re6+ Kb7 29. c3 b4 30. Rb1 Ka7 31. g3 Rfc7 32. Rd1 bxc3 33. bxc3
Bxc3 34. Rdd6 Rb8 35. Ra6+ Kb7 36. Reb6+ Kc8 37. Re6 Rb2 38. Rec6 Bd4 39. Rxc7+
Kxc7 40. Kg2 Rxf2+ 41. Kh3 h5 42. Ra4 Bf6 43. a3 g5 44. g4 hxg4+ 45. Rxg4 Rf3+
46. Rg3 Rxg3+ 47. hxg3 Kd6 48. Kg4 Ke6 49. a4 Bd8 50. a5 Kf6 51. a6 Bb6 52. Kf3
Kg6 53. Kg4 Kf6 54. Kh5 Kf5 55. g4+ Kf4 {White resigns} 0-1

[Event "Team 45 45 League T39"]
[Site "Internet Chess Club"]
[Date "2008.11.14"]
[Round "4"]
[White "kjs110"]
[Black "jeffk"]
[Result "1-0"]
[WhiteElo "1175"]
[BlackElo "1128"]
[Opening "King's pawn opening"]
[ECO "B07"]
[Time "14:08:05"]
[TimeControl "2700+45"]

1. e4 d6 2. Nf3 g6 3. g3 Bg7 4. Bg2 Nf6 5. d3 c5 6. O-O Nc6 7. Nc3 O-O 8. Be3 h6
9. Qd2 Ng4 10. Bf4 e5 11. Be3 f5 12. h3 Nxe3 13. Qxe3 f4 14. Qd2 Be6 15. Nd5
Bxd5 16. exd5 Nb4 17. c4 Qd7 18. g4 b5 19. Nh4 Rf6 20. a3 Na6 21. Qa5 Nc7 22.
Be4 g5 23. Nf5 Qd8 24. cxb5 Qb8 25. a4 Qb7 26. Ne7+ Kf8 27. Nc6 f3 28. Rae1 Ne8
29. Re3 Rf4 30. Rxf3 Rxf3 31. Bxf3 Qf7 32. Be4 Nf6 33. Nd8 Nxe4 34. Nxf7 {Black
resigns} 1-0

[Event "Team 45 45 League T39"]
[Site "Internet Chess Club"]
[Date "2008.11.18"]
[Round "4"]
[White "Razorbackchess"]
[Black "Archdruid"]
[Result "1/2-1/2"]
[WhiteElo "1779"]
[BlackElo "1730"]
[Opening "Benkö gambit"]
[ECO "A57"]
[Time "21:04:40"]
[TimeControl "2700+45"]

1. d4 Nf6 2. c4 c5 3. d5 b5 4. f3 g6 5. e4 d6 6. Be3 Bg7 7. Qd2 O-O 8. Bh6 e6 9.
Bxg7 Kxg7 10. Nc3 exd5 11. Nxd5 Bb7 12. Qc3 b4 13. Qxf6+ Qxf6 14. Nxf6 Kxf6 15.
Bd3 Nc6 16. Ne2 Ne5 17. Rd1 Ke7 18. h3 a5 19. b3 a4 20. O-O axb3 21. axb3 Ra2
22. Nc1 Ra1 23. Ne2 Ra2 24. Nc1 Ra3 25. Rf2 Rfa8 26. Rfd2 R8a6 27. Bc2 Bc8 28.
Nd3 Nxd3 29. Rxd3 Ra1 30. Rxd6 R6a2 31. Rxa1 Rxa1+ 32. Rd1 Ra2 {Game drawn by
mutual agreement} 1/2-1/2